 Dungeon Crawl Stone Soup version 0.31.0-11-ge490571c62 (webtiles) character file.

Game seed: 14736676637843763049

51 atomiclemming the Trooper (level 3, 0/33 HPs)
             Began as a Draconian Berserker on Jan 27, 2024.
             Was a Believer of Trog.
             Succumbed to a scorpion's poison
             ... on level 3 of the Dungeon.
             The game lasted 00:10:59 (1649 turns).

atomiclemming the Trooper (Draconian Berserker)     Turns: 1649, Time: 00:11:00

Health: 0/33       AC:  5    Str: 19    XL:     3   Next: 57%
Magic:  3/3        EV: 12    Int:  7    God:    Trog [**....]
Gold:   42         SH:  0    Dex: 12    Spells: 2/2 levels left

rFire   . . .        a - +0 short sword
rCold   + . .        (no shield)
rNeg    . . .        (body armour unavailable)
rPois   .            (helmet restricted)
rElec   .            (no cloak)
rCorr   .            (no gloves)
SInv    .            (no boots)
Will    .....        (no amulet)
Stlth   +            i - ring of protection from cold
HPRegen 0.25/turn    (no ring)
MPRegen 0.08/turn

%: no passive effects
@: lethally poisoned (0 -> -3)
A: AC +5, unfitting armour, cold-blooded
a: Renounce Religion, Berserk, Trog's Hand


You were on level 3 of the Dungeon.
You worshipped Trog.
Trog was pleased with you.
You visited 1 branch of the dungeon, and saw 3 of its levels.

You collected 42 gold pieces.

Inventory:

Hand Weapons
 a - a +0 short sword (weapon)
Jewellery
 i - a ring of protection from cold (left hand)
Scrolls
 e - 2 scrolls of teleportation {unknown}
Potions
 g - a potion of mutation {unknown}


   Skills:
 + Level 4.0 Fighting
 + Level 3.5 Short Blades
 + Level 3.2 Dodging


You had 2 spell levels left.
You didn't know any spells.
Your spell library was empty.

Dungeon Overview and Level Annotations

Branches:
Dungeon (3/15)

Altars:


Innate Abilities, Weirdness & Mutations

Your plain brown scales are hard. (AC +5)
You cannot fit into any form of body armour.
You are cold-blooded and may be slowed by cold attacks.


Message History

The scorpion closely misses you. The goblin closely misses you.
The hobgoblin hits you.
You closely miss the scorpion.
The scorpion is heavily wounded.
You feel sick. The endoplasm misses you. The kobold closely misses you.
The scorpion stings you but does no damage.
You hit the scorpion.
You tail-slap the scorpion, but do no damage.
The scorpion is severely wounded.
You feel sick. The goblin hits you with a +0 club. The hobgoblin hits you.
* * * LOW HITPOINT WARNING * * *
The kobold barely misses you. The endoplasm barely misses you.
The scorpion stings you.
* * * LOW HITPOINT WARNING * * *
Unknown command.
As you read the scroll labelled YNIDUIW JUCW, it crumbles to dust.
You hear a loud clanging noise!
It was a scroll of noise.
* * * LOW HITPOINT WARNING * * *
You feel sick.
You hear a shout! x9
A bat comes into view.
The hobgoblin hits you but does no damage.
The goblin closely misses you. The kobold closely misses you.
The scorpion stings you but does no damage.
The endoplasm barely misses you.
The bat moves out of view.
As you read the scroll labelled CEPSUIVURI, it crumbles to dust.
It is a scroll of amnesia.
You feel forgetful for a moment.
* * * LOW HITPOINT WARNING * * *
You feel sick.
A quokka comes into view.
The scorpion barely misses you. The hobgoblin misses you.
The goblin misses you. The kobold hits you with a +0 dagger.
* * * LOW HITPOINT WARNING * * *
The endoplasm hits you but does no damage.
As you read the scroll labelled XOET AGAISHI, it crumbles to dust.
It is a scroll of enchant armour.
You aren't carrying any armour which can be enchanted further.
You die...

....g.. .....
#...# #.<.# #...#
#...# #...#
.####.gK########
......gJ@s.....#
.......gg.......
.........?......#
..####...########
. #...# #...#
#r..# #...#


You could see a scorpion, an endoplasm, a quokka, a hobgoblin, 3 goblins and a
kobold.

Vanquished Creatures
  A gnoll (D:1)
  A ribbon worm (D:2)
  2 bats (D:2)
  3 endoplasms
  A giant cockroach (D:1)
  6 goblins
  6 hobgoblins
  2 quokkas
  2 ball pythons
  A frilled lizard (D:1)
  3 kobolds (D:1)
  10 rats
38 creatures vanquished.

Notes
Turn   | Place    | Note
-------+----------+-------------------------------------------
     0 | D:1      | atomiclemming the Draconian Berserker began the quest for
                  | the Orb.
     0 | D:1      | Reached XP level 1. HP: 19/19 MP: 1/1
   193 | D:1      | Reached XP level 2. HP: 22/26 MP: 2/2
   403 | D:1      | Reached XP level 3. HP: 32/33 MP: 3/3
   507 | D:1      | Reached skill level 4 in Fighting
  1045 | D:2      | Reached ** piety under Trog
  1629 | D:3      | Noticed a scorpion
  1648 | D:3      | HP: 1/33 [kobold/+0 dagger (1)]
  1649 | D:3      | Succumbed to a scorpion's poison

Illustrated notes

Levels and vault maps discovered:
D:1:      dpeg_arrival_orchard, layout_basic
D:2:      layout_basic, grunt_ministairs_7
D:3:      layout_loops_cross, nicolae_ashenzari_skybound,
          nicolae_ru_the_path_less_chosen, serial_shops,
          nicolae_shop_advertising_works [nicolae_subvault_shop_adworks],
          uniq_grinder, uniq_jessica, uniq_terence, uniq_robin

Skill      XL: |  1  2  3 |
---------------+----------+-----
Dodging        | 3 |  3.2
Fighting       | 4 |  4.0
Short Blades   | |  3.5

Action                     || total
---------------------------++-------
  Melee: Short sword       ||   149
         Tailslap          ||    22
         Punch             ||     2
    Use: Scroll            ||     3
         Potion            ||     2
   Stab: Sleeping          ||     1
 Armour: Skin              ||    81
  Dodge: Dodged            ||   112
